 Dungeon Crawl Stone Soup version 0.19-a0-1720-gc855d72 (webtiles) character file.

370 aronpayne the Skirmisher (level 7, -5/54 HPs)
             Began as a Human Fighter on Sept 27, 2016.
             Was an Initiate of Sif Muna.
             Slain by Xiguana's ghost (6 damage)
             ... on level 5 of the Dungeon on Sept 29, 2016.
             The game lasted 00:12:47 (3146 turns).

aronpayne the Skirmisher (Human Fighter)            Turns: 3146, Time: 00:12:48

Health: -5/54      AC:  4    Str: 19    XL:     7   Next: 2%
Magic:  9/9        EV: 10    Int: 13    God:    Sif Muna [......]
Gold:   278        SH:  9    Dex: 12    Spells: 0 memorised, 9 levels left

rFire  . . .     SeeInvis +     w - +0 flail (protect)
rCold  . . .     Gourm    .     y - +0 leather armour of the Armadillo {rElec rPois SInv Stlth-}
rNeg   . . .     Faith    .     c - +0 shield
rPois  +         Spirit   .     (no helmet)
rElec  +         Dismiss  .     (no cloak)
rCorr  .         Reflect  .     (no gloves)
MR     .....     Harm     .     (no boots)
Stlth  ..........               (no amulet)
                                (no ring)
                                (no ring)

@: brilliant, drained
A: no striking features
a: Renounce Religion


You were on level 5 of the Dungeon.
You worshipped Sif Muna.
Sif Muna was noncommittal.
You were hungry.

You visited 1 branch of the dungeon, and saw 5 of its levels.

You collected 317 gold pieces.
You spent 39 gold pieces at shops.

Inventory:

Hand Weapons
 a - a +0 long sword
 w - a +0 flail of protection (weapon)
Armour
 c - a +0 shield (worn)
 r - a +0 chain mail
 y - the +0 leather armour of the Armadillo (worn) {rElec rPois SInv Stlth-}
   (You found it on level 4 of the Dungeon)

   It insulates you from electricity.
   It protects you from poison.
   It lets you see invisible.
   It makes you less stealthy.
Wands
 A - a wand of slowing (26/48)
Scrolls
 b - a scroll of random uselessness {unknown}
 e - 2 scrolls of immolation {unknown}
 g - 4 scrolls of identify
 i - 2 scrolls of fog {unknown}
 j - 4 scrolls of remove curse
 k - a scroll of teleportation {unknown}
 o - 3 scrolls of fear {unknown}
 u - 2 scrolls of amnesia {unknown}
 x - 2 scrolls of recharging {unknown}
Potions
 l - 2 potions of flight {unknown}
 n - a potion of cure mutation
 q - a potion of curing {unknown}
 s - a potion of degeneration {unknown}
 t - a potion of heal wounds {unknown}
Comestibles
 d - a beef jerky
 f - 2 bread rations
 h - a slice of pizza
 p - 2 meat rations
 z - a royal jelly


   Skills:
 * Level 4.3(4.0) Fighting
 - Level 2.9(2.6) Long Blades
 * Level 0.8(0.5) Maces & Flails
 + Level 3.9(3.6) Armour
 + Level 2.7(2.4) Dodging
 + Level 3.9(3.6) Shields
 + Level 1.5(1.2) Spellcasting
 + Level 0.9(0.7) Invocations


You had 9 spell levels left.
You didn't know any spells.

Dungeon Overview and Level Annotations

Branches:
Dungeon (5/15)             Temple (0/1) D:4

Altars:
Cheibriados
Makhleb
Sif Muna
Trog

Shops:
D:4 ?

Annotations:
D:5 Xiguana's ghost, novice DsCK


Message History

You hit Xiguana's ghost.
Your weapon exudes an aura of protection.
Xiguana's ghost is lightly damaged.
Xiguana's ghost hits you. Xiguana's ghost burns you.
* * * LOW HITPOINT WARNING * * *
You closely miss Xiguana's ghost.
Xiguana's ghost is lightly damaged.
You block Xiguana's ghost's attack. Xiguana's ghost hits you!
* * * LOW HITPOINT WARNING * * *
Xiguana's ghost freezes you.
* * * LOW HITPOINT WARNING * * *
It was a potion of brilliance.
You feel clever all of a sudden. Xiguana's ghost hits you.
* * * LOW HITPOINT WARNING * * *
You feel drained.
* * * LOW HITPOINT WARNING * * *
It was a potion of cure mutation.
It has a very clean taste.
Xiguana's ghost hits you.
You die...

...#.......##
.......<....#
....⌠.....⌠.#
............# ##
......⌠.⌠...## ..##
.............#.....
#...⌠.....⌠....#
#......<.......#
#..#....@W.#...#
..##.....##....#
#######.......
.......# ...#....
..#.#..


You could see Xiguana's ghost.

Vanquished Creatures
  Edmund (D:4)
  2 hounds
  A centaur skeleton (D:4)
  A worker ant (D:4)
  A hound zombie (D:4)
  4 adders
  A worm (D:3)
  4 dart slugs
  4 leopard geckos
  12 orcs
  6 bats
  3 giant cockroaches
  6 goblins
  7 hobgoblins
  3 jackals (D:4)
  A quokka (D:2)
  A ball python (D:1)
  2 frilled lizards
  7 kobolds
  4 rats
  2 fungi (D:1)
73 creatures vanquished.

Notes
Turn   | Place    | Note
-------+----------+-------------------------------------------
     0 | D:1      | aronpayne the Human Fighter began the quest for the Orb.
     0 | D:1      | Reached XP level 1. HP: 18/18 MP: 1/1
   156 | D:1      | Reached XP level 2. HP: 16/24 MP: 2/2
   354 | D:1      | Reached skill level 1 in Dodging
   435 | D:1      | Reached XP level 3. HP: 29/29 MP: 3/3
   722 | D:2      | Reached XP level 4. HP: 25/36 MP: 4/4
   993 | D:2      | Found a snail-covered altar of Cheibriados.
  1064 | D:2      | Reached XP level 5. HP: 40/42 MP: 5/5
  1160 | D:2      | Found a deep blue altar of Sif Muna.
  1160 | D:2      | Found a bloodstained altar of Trog.
  1164 | D:2      | Became a worshipper of Sif Muna the Loreminder
  1208 | D:2      | Found a burning altar of Makhleb.
  2111 | D:3      | Upgraded the game from 0.19-a0-1704-gbd66c22 to 0.19-a0-1720-gc855d72
  2300 | D:4      | Reached skill level 4 in Fighting
  2340 | D:4      | Noticed Edmund
  2353 | D:4      | Killed Edmund
  2353 | D:4      | Reached skill level 1 in Spellcasting
  2353 | D:4      | Reached XP level 6. HP: 35/48 MP: 7/7
  2449 | D:4      | Found a staircase to the Ecumenical Temple.
  2681 | D:4      | Got a pitted leather armour
  2758 | D:4      | Identified the +0 leather armour of the Armadillo {rElec rPois SInv Stlth-} (You found it on level 4 of the Dungeon)
  2794 | D:4      | Found Echuedwu's Magic Scroll Shop.
  2802 | D:4      | Bought a scroll of remove curse for 39 gold pieces
  2955 | D:4      | Reached XP level 7. HP: 53/54 MP: 9/9
  3119 | D:5      | Entered Level 5 of the Dungeon
  3125 | D:5      | Noticed Xiguana's ghost (novice DsCK)
  3145 | D:5      | HP: 2/54 [Xiguana's ghost (3)]
  3146 | D:5      | Slain by Xiguana's ghost

Vault maps used:
D:1:      co_arrival_random_square_maze, minmay_gold_behind_fungi
D:2:      lemuel_round_altar, gammafunk_temple_overflow_wave,
          makhleb_heckhound_becter, serial_curves, eino_curves_02,
          eino_curves_02, first_bread
D:4:      serial_shops, shop_fountains, uniq_edmund
D:5:      serial_shops, shop, grunt_ministairs_10, uniq_grinder, uniq_sigmund

Skill      XL: |  1  2  3  4  5 |
---------------+----------------+-----
Dodging        | 1 2 |  2.7
Fighting       | 4 |  4.3
Spellcasting   | 1 |  1.5
Long Blades    | |  2.9
Maces & Flails | |  0.8
Armour         | |  3.9
Shields        | |  3.9
Invocations    | |  0.9

Action                   |  1- 3 |  4- 6 |  7- 9 || total
-------------------------+-------+-------+-------++-------
Melee: Long sword        |    93 |   171 |       ||   264
       Flail             |       |    36 |    12 ||    48
  Use: Potion            |       |     1 |     2 ||     3
       Scroll            |       |     2 |       ||     2
  Eat: Chunk             |       |     7 |       ||     7
Armor: Scale mail        |    41 |    58 |       ||    99
       Chain mail        |       |    46 |       ||    46
       Leather armour    |       |    13 |     2 ||    15
Dodge: Dodged            |    20 |    71 |     3 ||    94
Block: Shield            |    35 |   131 |     4 ||   170
